 Dungeon Crawl Stone Soup version 0.19-a0-1111-gcceb26a (webtiles) character file.

15622 4thArraOfDagon the Brawler (level 12, -10/113 HPs)
             Began as a Troll Arcane Marksman on Aug 10, 2016.
             Was an Elder of the Shining One.
             Mangled by a frost giant
             ... wielding a +0 battleaxe of freezing
              (28 damage)
             ... on level 13 of the Dungeon.
             The game lasted 00:27:10 (4431 turns).

4thArraOfDagon the Brawler (Troll Arcane Marksman)  Turns: 4431, Time: 00:27:11

Health: -10/113    AC:  9    Str: 22    XL:     12   Next: 2%
Magic:  11/14      EV: 11    Int: 13    God:    the Shining One [****..]
Gold:   433        SH:  2    Dex:  9    Spells: 1 memorised, 12 levels left

rFire  + . .     SeeInvis .       - Unarmed
rCold  + . .     Gourm    +     G - +2 robe {rN+}
rNeg   + + +     Faith    .     (no shield)
rPois  .         Spirit   .     (helmet restricted)
rElec  .         Dismiss  .     (no cloak)
rCorr  .         Reflect  .     (gloves unavailable)
SustAt .         Harm     .     (boots unavailable)
MR     .....     Rnd*Tele +     y - amulet of rage
Stlth  +.........               K - ring of protection from fire
                                i - ring of protection from cold

@: about to teleport, glowing
A: unfitting armour, antennae 1, claws 3, large bone plates 1, fast metabolism
3, gourmand, regeneration 2, shaggy fur 1, teleportitis 1, tough skin 2, subdued
magic 1, MP-powered wands, sturdy frame 1
a: Divine Shield, Cleansing Flame, Renounce Religion, Evoke Berserk Rage


You were on level 13 of the Dungeon.
You worshipped the Shining One.
The Shining One was greatly pleased with you.
You were completely stuffed.

You visited 1 branch of the dungeon, and saw 14 of its levels.
You also visited: Labyrinth, Sewer and Ice Cave.

You collected 433 gold pieces.

Inventory:

Hand Weapons
 e - a +0 giant spiked club
 z - the +2 whip "Quunoigu" {slash, *Rage rPois rN+++ Str-2, unknown}
   (You found it on level 9 of the Dungeon)

   It inflicts extra damage upon your enemies.
   It affects your strength (-2).
   It protects you from poison.
   It renders you almost immune to negative energy.
   It may make you go berserk in combat.
 H - the +1 hand axe "Totaabaf" {pain, Str+6, unknown}
   (You found it in an ice cave)

   In the hands of one skilled in necromantic magic, it inflicts extra damage on
   living creatures.
   It affects your strength (+6).
   The Shining One disapproves of the use of such an item.
 I - the cursed +1 longbow of Turmoil {freeze, rPois Str+6 Stlth-, unknown}
   (You found it in an ice cave)

   It causes projectiles fired from it to freeze those they strike, causing
   extra injury to most foes and up to half again as much damage against
   particularly susceptible opponents.
   They can also slow down cold-blooded creatures.
   It affects your strength (+6).
   It protects you from poison.
   It makes you less stealthy.
   It has a curse placed upon it.
 J - the +7 arbalest "Maq Taavu" {velocity, Str+4 Int+7 Dex-5, unknown}
   (You found it in an ice cave)

   Any bolt fired from it inflicts extra damage.
   It affects your strength (+4).
   It affects your intelligence (+7).
   It affects your dexterity (-5).
Missiles
 d - 2 throwing nets (quivered)
 v - 13 large rocks
Armour
 a - a +1 robe
 u - a -2 robe
 G - a +2 robe of positive energy (worn)
Magical Staves
 L - an uncursed staff of death
Rods
 h - a +9 rod of inaccuracy (13/13)
   (You took it off a minotaur in a labyrinth)
 M - a +5 rod of clouds (9/9)
   (You found it in a labyrinth)
Jewellery
 i - a ring of protection from cold (left claw)
 l - an uncursed ring of ice
 o - an uncursed ring of teleportation
 y - an amulet of rage (around neck)
 K - a ring of protection from fire (right claw)
Wands
 c - a wand of flame (30/48)
 q - a wand of teleportation (2/9)
 s - a wand of polymorph (5/24)
 t - a wand of digging (14/24)
 A - a wand of confusion (30/48)
 C - a wand of iceblast (8/15)
Scrolls
 D - a scroll of holy word
 E - a scroll of enchant armour
 F - a scroll of magic mapping
 N - a scroll of remove curse
Potions
 g - 4 potions of curing
 k - 8 potions of flight
 m - a potion of haste {unknown}
 n - a potion of brilliance
 p - a potion of heal wounds
 r - 2 potions of might
 w - a potion of cancellation {unknown}
 x - 2 potions of lignification
 B - a potion of berserk rage {unknown}
Books
 b - a book of Debilitation

   Spells                             Type                      Level
   a - Corona                         Hexes                        1
   b - Slow                           Hexes                        2
   c - Gell's Gravitas                Hexes/Translocation          3
   d - Inner Flame                    Hexes/Fire                   3
   e - Cause Fear                     Hexes                        4
   f - Leda's Liquefaction            Hexes/Earth                  4
Comestibles
 f - 4 bread rations
 j - 5 meat rations


   Skills:
 + Level 5.7 Fighting
 - Level 1.7 Throwing
 + Level 4.2 Dodging
 * Level 15.6 Unarmed Combat
 - Level 1.0 Spellcasting
 - Level 2.0 Hexes
 + Level 4.1 Invocations
 - Level 3.3 Evocations


You had 12 spell levels left.
You knew the following spells:

 Your Spells              Type           Power        Failure   Level  Hunger
a - Corona                Hex            #......      12%         1    ##.....


Dungeon Overview and Level Annotations

Branches:
Dungeon (14/15)            Temple (0/1) D:7            Lair (0/6) D:11
    Orc: D:9-12      Vaults: D:13-14

Altars:
Kikubaaqudgha
Trog
Vehumet
The Shining One


Innate Abilities, Weirdness & Mutations

You are too large for most types of armour.
You have claws for hands.
Your metabolism is lightning-fast.
You like to eat raw meat.
You heal very quickly.
You are covered in fur. (AC +1)
You have very tough skin. (AC +2)
You have a pair of small antennae on your head.
You are partially covered in large bone plates. (AC +2, SH +2)
You are occasionally teleported next to monsters.
Your spells are a little easier to cast, but a little less powerful.
You expend magic power (3 MP) to strengthen your wands.
Your movements are slightly less encumbered by armour. (ER -2)


Message History

A yaktaur captain comes into view.
The yaktaur captain shouts!
Unknown command.
Unknown command.
The spriggan hits you. The ogre closely misses you.
The vampire mosquito bites you.
* * * LOW HITPOINT WARNING * * *
Unknown command.
Unknown command.
Unknown command.
Unknown command.
You feel much better. The vampire mosquito bites you. The spriggan hits you.
The yaktaur captain wields an arbalest.
The yaktaur captain shoots a bolt.
The bolt hits you!!
* * * LOW HITPOINT WARNING * * *
The orc knight misses you.
You block the vampire mosquito's attack.
The ogre completely misses you.
The frost giant hits you with a battleaxe of freezing!!
You die...

#....l....#.#.## ##.#.#.......
#..###...#.#.## {.##.#.#...###
#..##..%#.#.## #..##.#)#...##
#..#...#.#.##. #.#..##.#.#...#
#.....#.#.##..#c..#..##.#.#...
#....#.#.##..#.....#..##.#.#..
#...#.#.##..#.......#. ##.#.#.
#..#.#.##..#..i......# ##.#.#
#.#.#.##..#.o@C.$..... ##.#.
##.#### #..yO........ ####
#.#.# #.....$.⌠.$... #.
##.####..#............ ####
#.#.#.##..#.....$..... ##.#.
#..#.#.##..#.........# ##.#.#
#...#.#.##[.#.......#..##.#.#.
#....#.#.##..#.....#..##.#.#..
#.....#.#.##..#...#..##.#.#...


You could see a frost giant, a yaktaur captain, an orc knight, a vampire
mosquito, an ogre and a spriggan.

Vanquished Creatures
  A minotaur (Lab)
  A rakshasa (D:14)
  A centaur warrior (D:13)
  A necromancer (IceCv)
  An orc knight (D:13)
  2 cyclopes (D:13)
  An ugly thing (D:13)
  3 ice statues (IceCv)
  A gargoyle (D:14)
  10 ice devils
  A two-headed ogre (D:13)
  A meliai zombie (D:12)
  A troll (D:13)
  A slime creature (D:13)
  A blink frog (D:9)
  6 yaks (D:13)
  2 wyverns
  A basilisk (D:14)
  A hungry ghost (D:7)
  2 hippogriffs
  4 vampire mosquitoes (D:13)
  A water moccasin (D:9)
  A soldier ant (D:13)
  3 ice beasts
  A phantom (D:8)
  An orc warrior (D:6)
  An eye of draining (D:13)
  6 sky beasts
  A wasp (D:12)
  A black bear (D:9)
  5 ogres
  3 centaurs
  2 crocodiles
  2 big kobolds
  9 giant frogs
  5 killer bees
  10 wights
  4 howler monkeys
  3 jellies
  2 crimson imps
  A giant frog zombie (D:7)
  4 draconian simulacra (IceCv)
  A quasit (D:6)
  2 orc priests (D:7)
  A giant frog skeleton (D:13)
  3 iguanas
  3 orc wizards
  A spriggan simulacrum (IceCv)
  3 worker ants
  A centaur simulacrum (IceCv)
  2 hound skeletons
  A worker ant zombie (D:7)
  3 river rats
  8 adders
  2 naga simulacra (IceCv)
  2 ogre simulacra (IceCv)
  A shadow imp (D:11)
  9 dart slugs (D:7)
  A giant gecko (D:5)
  12 orcs
  2 bats (D:11)
  2 giant cockroaches
  2 goblins
  7 jackals
  A quokka (D:6)
  3 giant newts
  A jackal skeleton (D:6)
  8 kobolds
  A quokka zombie (D:6)
  8 rats
  2 fungi (D:11)
202 creatures vanquished.

Notes
Turn   | Place    | Note
-------+----------+-------------------------------------------
     0 | D:1      | 4thArraOfDagon the Troll Arcane Marksman began the quest for the Orb.
     0 | D:1      | Reached XP level 1. HP: 18/18 MP: 1/1
     0 | D:1      | what is wrong with this combo
    17 | D:1      | lets see
    56 | D:2      | Found a bloodstained altar of Trog.
   129 | D:4      | Reached skill level 1 in Unarmed Combat
   129 | D:4      | Reached XP level 2. HP: 20/26 MP: 2/2
   135 | D:4      | Reached skill level 2 in Unarmed Combat
   170 | D:5      | Entered Level 5 of the Dungeon
   270 | D:5      | Reached XP level 3. HP: 28/32 MP: 3/3
   274 | D:5      | Noticed an ogre
   317 | D:6      | Noticed a giant frog
   321 | D:6      | Killed a giant frog
   321 | D:6      | Reached skill level 4 in Unarmed Combat
   321 | D:6      | Reached XP level 4. HP: 40/40 MP: 4/4
   373 | D:6      | Noticed a sky beast
   505 | D:6      | Killed a sky beast
   505 | D:6      | Reached skill level 5 in Unarmed Combat
   505 | D:6      | Reached XP level 5. HP: 45/46 MP: 5/5
   534 | D:6      | Found an ancient bone altar of Kikubaaqudgha.
   564 | D:6      | Found a glowing golden altar of the Shining One.
   574 | D:6      | gain?
   576 | D:6      | Became a worshipper of the Shining One
   769 | D:6      | Reached skill level 6 in Unarmed Combat
   769 | D:6      | Reached XP level 6. HP: 42/54 MP: 6/6
   833 | D:6      | Found a glowing drain.
   838 | Sewer    | Entered a sewer
   922 | Sewer    | Found a white marble altar of Elyvilon.
   983 | D:6      | Reached skill level 7 in Unarmed Combat
   983 | D:6      | Reached XP level 7. HP: 60/61 MP: 7/7
  1007 | D:6      | dafaq
  1124 | D:6      | Reached skill level 8 in Unarmed Combat
  1230 | D:7      | Found a staircase to the Ecumenical Temple.
  1247 | D:7      | Reached skill level 9 in Unarmed Combat
  1312 | D:7      | Reached XP level 8. HP: 68/68 MP: 8/8
  1402 | D:7      | Reached * piety under the Shining One
  1413 | D:7      | Reached skill level 10 in Unarmed Combat
  1579 | D:7      | Reached skill level 11 in Unarmed Combat
  1765 | D:8      | Found a radiant altar of Vehumet.
  1967 | D:9      | Reached XP level 9. HP: 75/75 MP: 9/9
  2023 | D:9      | Reached skill level 12 in Unarmed Combat
  2150 | D:10     | Entered Level 10 of the Dungeon
  2150 | D:10     | Noticed a manticore
  2354 | D:9      | Reached skill level 1 in Evocations
  2357 | D:9      | Got a bloodstained whip
  2396 | D:9      | You fall through a shaft for 2 floors!
  2433 | D:11     | Found a staircase to the Lair.
  2489 | D:11     | Reached ** piety under the Shining One
  2688 | D:11     | Noticed an ice devil
  2690 | D:11     | Found a frozen archway.
  2690 | D:11     | Noticed an ice devil
  2698 | D:11     | Killed an ice devil
  2698 | D:11     | Reached skill level 13 in Unarmed Combat
  2710 | D:11     | Killed an ice devil
  2734 | IceCv    | Entered an ice cave
  2766 | IceCv    | Noticed an ice devil
  2785 | IceCv    | Killed an ice devil
  2785 | IceCv    | Reached skill level 1 in Fighting
  2785 | IceCv    | Reached XP level 10. HP: 84/84 MP: 11/11
  2868 | IceCv    | Noticed an ice statue
  2868 | IceCv    | Noticed an ice statue
  2877 | IceCv    | Killed an ice statue
  2911 | IceCv    | Killed an ice statue
  2964 | IceCv    | Reached *** piety under the Shining One
  3008 | IceCv    | Noticed an ice statue
  3010 | IceCv    | Noticed an ice statue
  3032 | IceCv    | Killed an ice statue
  3032 | IceCv    | Reached skill level 14 in Unarmed Combat
  3140 | IceCv    | Noticed a necromancer
  3147 | IceCv    | Killed a necromancer
  3182 | IceCv    | Got a polished hand axe
  3185 | IceCv    | Got a faintly glowing longbow
  3191 | IceCv    | Got a smoking arbalest
  3316 | D:11     | Noticed a seven-headed hydra
  3364 | D:12     | Reached **** piety under the Shining One
  3452 | D:12     | Reached XP level 11. HP: 98/100 MP: 12/12
  3538 | D:12     | Reached skill level 1 in Invocations
  3636 | D:14     | Noticed a rakshasa
  3646 | D:14     | Killed a rakshasa
  3686 | D:14     | Reached skill level 15 in Unarmed Combat
  3709 | D:14     | Found a labyrinth entrance.
  3714 | Lab      | Entered a labyrinth
  3718 | Lab      | Gained mutation: You have a pair of small antennae on your head. [mutagenic meat]
  3721 | Lab      | Gained mutation: Your spells are a little easier to cast, but a little less powerful. [mutagenic meat]
  3727 | Lab      | Gained mutation: Your movements are slightly less encumbered by armour. (ER -2) [mutagenic meat]
  3730 | Lab      | Gained mutation: You are occasionally teleported next to monsters. [mutagenic meat]
  3733 | Lab      | Gained mutation: You expend magic power (3 MP) to strengthen your wands. [mutagenic meat]
  3736 | Lab      | Gained mutation: You are partially covered in large bone plates. (AC +2, SH +2) [mutagenic meat]
  3736 | Lab      | RIP
  3881 | Lab      | faik
  3930 | Lab      | Noticed a minotaur
  3941 | Lab      | Was placed under penance by the Shining One
  3942 | Lab      | Killed a minotaur
  3961 | Lab      | fail
  3970 | D:13     | Noticed a purple ugly thing
  3979 | D:13     | Killed a purple ugly thing
  4028 | D:13     | Reached skill level 5 in Fighting
  4149 | D:13     | Noticed an orc knight
  4169 | D:13     | Killed an orc knight
  4344 | D:13     | Was forgiven by the Shining One
  4396 | D:13     | Noticed a centaur warrior
  4405 | D:13     | Killed a centaur warrior
  4405 | D:13     | Reached XP level 12. HP: 49/113 MP: 12/14
  4429 | D:13     | Noticed a frost giant
  4429 | D:13     | Noticed a yaktaur captain
  4431 | D:13     | Mangled by a frost giant

Vault maps used:
D:1:      erik_arrival_triangle_large
D:2:      bloody_trog
D:3:      old_standard_altar, minitemple
D:4:      nicolae_qazlal_eye_of_the_storm, okawaru_metal_pillars_1_2,
          serial_shops, shop
D:5:      first_bread, corexii_item_surrounded_by_moat
D:6:      old_standard_altar, lemuel_crystal_altar, lightli_sewer_entry_pipes
D:7:      kennysheep_slugbush
D:8:      vehumet_altar_wand_db, overflow_temple_1_default, kennysheep_mini
D:9:      nicolae_overflow_crystal_walls, basic_altar, minivault_25,
          hangedman_pestilent_swarm, grunt_pakellas_mercury
D:10:     zombieorc1_lemuel, serial_shops, nicolae_shop_crystal, uniq_nergalle,
          uniq_snorg
D:11:     due_lair_maze_entry_diamond, portal_ice_cave_demonic_guard
D:12:     dk_vineyard_1
D:13:     evilmike_diamond_2, serial_shops, nicolae_shop_overgrown_old_shop
D:14:     david_vaults_2, lab_entry_generic, minmay_misc_feat_five,
          nicolae_ru_sacrificial_ziggurat
Lab:      labyrinth_watery, lab_statue, nicolae_lab_hexagon
Sewer:    sewer_kobolds
IceCv:    ice_cave_tombish

Skill      XL: |  1  2  3  4  5  6  7  8  9 10 11 |
---------------+----------------------------------+-----
Unarmed Combat | 1 2 4 5 6 7 9 11 13 14 15 | 15.6
Evocations     | 2 3 |  3.3
Fighting       | 1 4 5 |  5.7
Invocations    | 4 |  4.1
Dodging        | 4 |  4.2
Throwing       | |  1.7
Spellcasting   | |  1.0
Hexes          | |  2.0

Action                   |  1- 3 |  4- 6 |  7- 9 | 10-12 || total
-------------------------+-------+-------+-------+-------++-------
Melee: Unarmed           |    35 |    94 |   234 |   286 ||   649
       Punch             |     1 |       |     7 |    22 ||    30
Throw: Large rock        |     1 |     2 |     8 |       ||    11
       Throwing net      |       |       |     1 |     1 ||     2
 Abil: Evoke Berserk Rag |       |       |     2 |    11 ||    13
Evoke: Wand              |       |       |     4 |     2 ||     6
  Use: Scroll            |       |     4 |     9 |     8 ||    21
       Potion            |       |       |       |     2 ||     2
  Eat: Chunk             |     8 |     1 |    28 |    28 ||    65
       Royal jelly       |       |       |       |     2 ||     2
       Meat ration       |       |       |       |     1 ||     1
Armor: Robe              |    13 |    32 |    76 |    49 ||   170
Dodge: Dodged            |    19 |    40 |   110 |    82 ||   251
Block: Other             |       |       |       |     5 ||     5
